 Dungeon Crawl Stone Soup version 0.31-a0-175-g9f7f995f2b (webtiles) character file.

Game seed: 8244317132107105653

28 qw the Shooter (level 3, -11/32 HPs)
             Began as a Naga Hunter on June 16, 2023.
             Mangled by a gnoll
             ... wielding a +0 halberd
              (17 damage)
             ... on level 2 of the Dungeon.
             The game lasted 00:00:17 (895 turns).

qw the Shooter (Naga Hunter)                         Turns: 895, Time: 00:00:17

Health: -11/32     AC:  2    Str: 13    XL:     3   Next: 12%
Magic:  3/3        EV:  9    Int:  9    God:
Gold:   36         SH:  0    Dex: 16    Spells: 2/2 levels left

rFire   . . .        Y - +0 shortbow
rCold   . . .        (shield currently unavailable)
rNeg    . . .        c - +0 leather armour
rPois   +            (no helmet)
rElec   .            (no cloak)
rCorr   .            (no gloves)
SInv    +            (no barding)
Will    .....        (no amulet)
Stlth   ++           (no ring)
HPRegen 0.25/turn    (no ring)
MPRegen 0.08/turn

%: no passive effects
@: about to teleport, short of breath, very slow
A: AC +1, large, see invisible, deformed body, poison resistance, slowness 2,
spit poison 1, naga tail 1
a: Spit Poison


You were on level 2 of the Dungeon.
You visited 1 branch of the dungeon, and saw 2 of its levels.

You collected 78 gold pieces.
You spent 42 gold pieces at shops.


Innate Abilities, Weirdness & Mutations

Your serpentine skin is tough. (AC +1)
You have supernaturally acute eyesight. (SInv)
Armour fits poorly on your strangely shaped body.
Your system is resistant to poisons. (rPois)
You cover ground very slowly.
You can spit poison.
You have a snake-like lower body.


   Skills:
 - Level 2.0 Fighting
 + Level 4.5 Ranged Weapons
 - Level 1.5 Dodging
 - Level 1.5 Stealth


You had 2 spell levels left.
You didn't know any spells.
Your spell library was empty.

Inventory:

Hand Weapons
 Y - a +0 shortbow (weapon)
Armour
 c - a +0 leather armour (worn)
Scrolls
 a - a scroll of identify
 d - a scroll of enchant weapon {unknown}
Potions
 b - a potion of berserk rage {unknown}
 e - 2 potions of might {unknown}
 f - a potion of curing {unknown}
 i - a potion of brilliance {unknown}

Dungeon Overview and Level Annotations

Branches:
Dungeon (2/15)

Altars:

Shops:
D:1 [   D:2 *


Message History

Enter note:
888 ||| INVOKING Spit Poison.
Aiming: Spit Poison (2% risk of failure)
Press: ? - help, Shift-Dir - straight line, f - gnoll The splash of poison hits the gnoll.
The gnoll is poisoned.
The gnoll is heavily wounded.
The gnoll shouts!
You shoot an arrow. The arrow barely misses the gnoll.
The arrow hits the goblin!
You kill the goblin!
You shoot an arrow. The arrow hits the gnoll.
The gnoll is heavily wounded.
A gnoll comes into view. It is wielding a +0 halberd.
The gnoll hits you with a +0 whip.
You shoot an arrow. The arrow completely misses the gnoll.
The gnoll shouts!
You have got your breath back.
The gnoll hits you with a +0 whip.
892 ||| INVOKING Spit Poison.
Aiming: Spit Poison (2% risk of failure)
Press: ? - help, Shift-Dir - straight line, f/p - gnoll The splash of poison hits the gnoll!
You kill the gnoll!
The gnoll hits you from afar with a +0 halberd.
You have reached level 3!
Your experience leads to an increase in your attributes!
Increase (S)trength, (I)ntelligence, or (D)exterity?
You feel agile. x2; Your skin feels tougher.
You shoot an arrow.
The arrow hits the gnoll but does no damage.
The gnoll hits you from afar with a +0 halberd!
You shoot an arrow.
The arrow hits the gnoll but does no damage.
The gnoll hits you from afar with a +0 halberd!
895 ||| READING scroll of teleportation.
As you read the scroll of teleportation, it crumbles to dust.
You feel strangely unstable.
The gnoll hits you from afar with a +0 halberd!
Ouch! That really hurt!
You die... ......... ########. ...... ##### ..... #...# .... #.#.########.. ... #.#.........# gg#

#.###....##.# #g#
#.###....##.####.#
#.##........#..)@#
#.##.....####.####
#.##.....# #.#
#.##.....# #.#
..##.....# #.#
####.....# #.#
#.##### #.# #.#
#.# #.########.#


You could see 3 gnolls.

Vanquished Creatures
  A gnoll (D:2)
  2 bats (D:1)
  2 giant cockroaches
  3 goblins
  A hobgoblin (D:1)
  A quokka (D:1)
  3 ball pythons (D:1)
  2 frilled lizards
  2 kobolds
17 creatures vanquished.

Notes
Turn   | Place    | Note
-------+----------+-------------------------------------------
     0 | D:1      | qw the Naga Hunter began the quest for the Orb.
     0 | D:1      | Reached XP level 1. HP: 19/19 MP: 1/1
     0 | D:1      | 0 ||| qw: Version: 0.2-a-29-g511e9b1
     0 | D:1      | 0 ||| qw: Game counter: 53
     0 | D:1      | 0 ||| qw: Always use a shield: true
     0 | D:1      | 0 ||| qw: God list: Okawaru
     0 | D:1      | 0 ||| qw: Allow faded altars: false
     0 | D:1      | 0 ||| qw: Do Orc after D:15 true
     0 | D:1      | 0 ||| qw: Do second Lair branch before Depths: true
     0 | D:1      | 0 ||| qw: Lair rune preference: random
     0 | D:1      | 0 ||| qw: Plans: Normal
     0 | D:1      | 0 ||| PLANNING D:1-11
    41 | D:1      | 41 ||| INVOKING Spit Poison.
    78 | D:1      | 78 ||| INVOKING Spit Poison.
   103 | D:1      | Found Honyxzaxt's Armour Emporium.
   117 | D:1      | 117 ||| SHOPLISTING +0 helmet (58 gold, have 33).
   117 | D:1      | 117 ||| SHOPLISTING +2 hat (208 gold, have 33).
   264 | D:1      | 264 ||| INVOKING Spit Poison.
   287 | D:1      | Reached skill level 4 in Ranged Weapons
   287 | D:1      | Reached XP level 2. HP: 26/26 MP: 2/2
   361 | D:1      | 361 ||| INVOKING Spit Poison.
   366 | D:1      | 366 ||| INVOKING Spit Poison.
   367 | D:1      | 367 ||| INVOKING Spit Poison.
   394 | D:1      | 394 ||| INVOKING Spit Poison.
   417 | D:1      | 417 ||| INVOKING Spit Poison.
   422 | D:1      | 422 ||| INVOKING Spit Poison.
   510 | D:1      | 510 ||| INVOKING Spit Poison.
   713 | D:1      | 713 ||| READING 2 scrolls labelled KIEFA VAYDA.
   714 | D:1      | 714 ||| READING 2 scrolls labelled SANLAMODEX.
   715 | D:1      | 715 ||| READING scroll labelled GIXIMUICLI.
   716 | D:1      | 716 ||| READING scroll labelled GUGGINOESU.
   717 | D:1      | 717 ||| DROPPING scroll of butterflies.
   718 | D:1      | 718 ||| DROPPING scroll of immolation.
   780 | D:2      | 780 ||| INVOKING Spit Poison.
   793 | D:2      | 793 ||| INVOKING Spit Poison.
   829 | D:2      | 829 ||| INVOKING Spit Poison.
   865 | D:2      | Found Tuptaz's General Store.
   873 | D:2      | 873 ||| BUYING scroll of teleportation (42 gold).
   873 | D:2      | Bought a scroll of teleportation for 42 gold pieces
   888 | D:2      | 888 ||| INVOKING Spit Poison.
   892 | D:2      | 892 ||| INVOKING Spit Poison.
   893 | D:2      | Reached XP level 3. HP: 23/32 MP: 3/3
   894 | D:2      | HP: 5/32 [gnoll/+0 halberd (10)]
   895 | D:2      | 895 ||| READING scroll of teleportation.
   895 | D:2      | Mangled by a gnoll

Levels and vault maps discovered:
D:1:      lightli_arrival_flooded_house, layout_loops_cross, serial_shops,
          nicolae_shop_temple_entry_statues_fountains, chequers_big_river
D:2:      layout_basic, serial_shops, shop, minivault_11

Skill      XL: |  1 |
---------------+----+-----
Ranged Weapons | 4 |  4.5
Fighting       | |  2.0
Dodging        | |  1.5
Stealth        | |  1.5

Action                     || total
---------------------------++-------
   Fire: Shortbow          ||    32
Ability: Spit Poison       ||    14
    Use: Scroll            ||     5
 Armour: Leather armour    ||     6
  Dodge: Dodged            ||    11

Table legend:
 A = Non-vault XP
 B = Vault XP
 C = Vault XP percentage of total XP
 D = Non-vault monster count
 E = Vault monster count
 F = Vault count percentage of total count
                 A         B        C        D         E       F
            +---------+---------+-------+---------+---------+-------
      Total |      40 |       0 |   0.0 |      17 |       0 |   0.0
            +---------+---------+-------+---------+---------+-------
        D:1 |      19 |       0 |   0.0 |      12 |       0 |   0.0
        D:2 |      21 |       0 |   0.0 |       5 |       0 |   0.0
            +---------+---------+-------+---------+---------+-------
